 Dungeon Crawl Stone Soup version 0.25.0-11-g1f837a76a1 (webtiles) character file.

Game seed: 14881248410290100922

51 grindst0ne the Scratcher (level 3, 0/15 HPs)
             Began as a Felid Transmuter on June 25, 2020.
             Killed by nerve-wracking pain
             ... invoked by an orc priest
              (7 damage)
             ... on level 5 of the Dungeon.
             The game lasted 00:02:25 (1014 turns).

grindst0ne the Scratcher (Felid Transmuter)         Turns: 1014, Time: 00:02:26

Health: 0/15       AC:  1    Str:  6    XL:     3   Next: 57%
Magic:  0/7        EV: 18    Int: 15    God:
Gold:   44         SH:  0    Dex: 16    Spells: 3/6 levels left
                                        Lives:  0   Deaths: 0

rFire    . . .     SeeInvis +     - Unarmed
rCold    . . .     Gourm    .   (shield unavailable)
rNeg     . . .     Faith    .   (armour unavailable)
rPois    .         Spirit   .   (helmet unavailable)
rElec    .         Reflect  .   (cloak unavailable)
rCorr    .         Harm     .   (gloves unavailable)
MR       .....                  (boots unavailable)
Stlth    ++........             (no amulet)
HPRegen  0.05/turn              (no ring)
MPRegen  0.10/turn              (no ring)

@: lethally poisoned (0 -> -6), appendage (expiring), very slightly
contaminated, invisible, quick
A: very small, no armour, no weapons or thrown items, stealth, claws 1, fangs 3,
horns 2, see invisible, carnivore, speed 1, shaggy fur 1, slow metabolism 1,
sharp paws
a: End Transformation


You were on level 5 of the Dungeon.
You were full.
You had grown temporary horns.
You visited 1 branch of the dungeon, and saw 4 of its levels.

You collected 44 gold pieces.

Inventory:

Missiles
 a - 35 arrows
Jewellery
 b - an uncursed ring of fire {unknown}
Scrolls
 d - 2 scrolls of identify {unknown}
Comestibles
 c - 4 rations


   Skills:
 + Level 1.4 Fighting
 + Level 3.2 Dodging
 + Level 1.4 Stealth
 * Level 3.6 Unarmed Combat
 + Level 2.2 Spellcasting
 + Level 2.5 Transmutations


You had 3 spell levels left.
You knew the following spells:

 Your Spells              Type           Power        Failure   Level  Hunger
a - Beastly Appendage     Tmut           #.....       8%          1    #......
b - Sticks to Snakes      Tmut           #.......     12%         2    ###....

Your spell library contained the following spells:

 Spells                   Type           Power        Failure   Level  Hunger
 Spider Form              Tmut/Pois      #.........   36%         3    ###....
 Ice Form                 Ice/Tmut       #.......     77%         4    #####..
 Blade Hands              Tmut           #.........   91%         5    ######.


Dungeon Overview and Level Annotations

Branches:
Dungeon (3/15)             Temple (0/1) D:5

Altars:
Elyvilon

Annotations:
D:2 Sigmund


Innate Abilities, Weirdness & Mutations

You cannot wear armour.
You are incapable of wielding weapons or throwing items.
Your paws allow you to move quietly. (Stealth)
You have sharp claws.
You have razor-sharp teeth.
You have supernaturally acute eyesight. (SInv)
You are carnivorous and can eat meat at any time.
You cover ground quickly.
You are covered in fur. (AC +1)
You have a slow metabolism.
Your sharp claws are effective at attacking unaware monsters.
You have a pair of horns on your head.


Message History

The worker ant misses you.
It was a potion of invisibility.
You fade into invisibility!
The orc priest closely misses you.
The orc priest hits your ball python with a +0 hand axe.
Your ball python dies!
The worker ant barely misses you.
You are very lightly contaminated with residual magic.
You claw the worker ant!
You kill the worker ant!
You feel sick. The orc priest misses you.
Casting: Sticks to Snakes (safe; 12% risk of failure)
Confirm with . or Enter, or press ? or * to list all spells.
You create a snake!
You now have 35 arrows.
The orc priest misses you.
Casting: Sticks to Snakes (safe; 12% risk of failure)
Confirm with . or Enter, or press ? or * to list all spells.
You miscast Sticks to Snakes.
Nothing appears to happen.
The orc priest mumbles some strange prayers to Beogh against you.
Pain shoots through your body!
You die...

##########
#...†....#
#..@.....#
#.So.....#
#...>....#
..........#
...........+
#...........#
#.............
#.............


You could see an orc priest and a friendly adder.

Vanquished Creatures
  A worker ant (D:5)
  2 oozes (D:1)
  A giant cockroach (D:3)
  A goblin (D:1)
  2 hobgoblins (D:1)
  5 kobolds
  A quokka (D:3)
  A ball python (D:3)
  3 bats (D:1)
  A frilled lizard (D:1)
  3 rats (D:1)
21 creatures vanquished.

Notes
Turn   | Place    | Note
-------+----------+-------------------------------------------
     0 | D:1      | grindst0ne the Felid Transmuter began the quest for the
                  | Orb.
     0 | D:1      | Reached XP level 1. HP: 9/9 MP: 4/4
   477 | D:1      | Reached XP level 2. HP: 12/12 MP: 4/6
   481 | D:1      | Learned a level 2 spell: Sticks to Snakes
   783 | D:1      | Reached skill level 1 in Stealth
   873 | D:2      | Noticed Sigmund
   964 | D:3      | Found a white marble altar of Elyvilon.
  1002 | D:3      | Reached XP level 3. HP: 15/15 MP: 5/7
  1003 | D:3      | You fall into a shaft and drop 2 floors!
  1003 | D:5      | Entered Level 5 of the Dungeon
  1003 | D:5      | Found a staircase to the Ecumenical Temple.
  1014 | D:5      | Killed from afar by an orc priest

Illustrated notes

Levels and vault maps discovered:
D:1:      sevenhm_arrival_forest_fort_large_4, layout_rooms
D:2:      layout_basic, first_ration, uniq_sigmund, uniq_robin
D:3:      layout_loops_corners, lemuel_crystal_altar, minmay_misc_feat_tiny,
          chequers_serial_rivers_small_b, elyvilon_altar_5
D:5:      wander_guarded_unrand_ratskin, layout_basic,
          lemuel_coloured_pillars_altar, nicolae_qazlal_general_emergency,
          minmay_temple_entry_proselytizer, serial_shops,
          nicolae_shop_statue_plus, uniq_grinder

Skill      XL: |  1  2 |
---------------+-------+-----
Dodging        | 3 |  3.2
Stealth        | 1 |  1.4
Fighting       | |  1.4
Unarmed Combat | |  3.6
Spellcasting   | |  2.2
Transmutations | |  2.5

Action                   || total
-------------------------++-------
Melee: Unarmed           ||    48
       Bite              ||     6
       Headbutt          ||     6
 Cast: Beastly Appendage ||    13
       Sticks to Snakes  ||     2
  Use: Potion            ||     2
 Stab: Sleeping          ||     4
  Eat: Chunk             ||     5
Armor: Skin              ||     2
Dodge: Dodged            ||    58
